 Dungeon Crawl Stone Soup version 0.30-a0-1074-g5db6f66fbb (console) character file.

Game seed: 12265223333311446162

87 Ignak the Ogre Mage (level 4, 0/42 HPs)
             Began as an Ogre Hedge Wizard on Apr 14, 2023.
             Succumbed to a water moccasin's poison
             ... in a sewer.
             The game lasted 00:05:35 (2399 turns).

Ignak the Ogre Mage (Ogre Hedge Wizard)             Turns: 2399, Time: 00:05:36

Health: 0/42       AC:  3    Str: 14    XL:     4   Next: 51%
Magic:  6/10       EV:  9    Int: 17    God:
Gold:   28         SH:  0    Dex:  8    Spells: 3/11 levels left

rFire   . . .      SeeInvis .    f - +2 dagger (elec)
rCold   . . .      Faith    .    (no shield)
rNeg    . . .      Spirit   .    b - +0 robe
rPois   +          Reflect  .    c - +0 hat
rElec   .          Rampage  .    (no cloak)
rCorr   .                        (gloves unavailable)
Will    +....                    (boots unavailable)
Stlth   +                        (no amulet)
HPRegen 0.27/turn                o - ring of willpower
MPRegen 0.12/turn                j - ring of poison resistance

@: lethally poisoned (0 -> -2), on blink cooldown, invisible
A: large, unfitting armour, tough skin 1
a: no special abilities


You were in a sewer.
You visited 1 branch of the dungeon, and saw 3 of its levels.
You also visited: Sewer.

You collected 28 gold pieces.

Inventory:

Hand Weapons
 f - a +2 dagger of electrocution (weapon)
 h - a +0 mace
Armour
 b - a +0 robe (worn)
 c - a +0 hat (worn)
Jewellery
 j - a ring of poison resistance (right hand)
 o - a ring of willpower (left hand)
Scrolls
 a - a scroll of fog {unknown}
 g - a scroll of blinking {unknown}
 i - a scroll of teleportation
 l - a scroll of immolation {unknown}
 m - a scroll of vulnerability {unknown}
 n - a scroll of enchant armour {unknown}
Potions
 d - a potion of magic
 k - a potion of lignification {unknown}


   Skills:
 + Level 2.0 Fighting
 + Level 2.2 Dodging
 - Level 1.4 Stealth
 + Level 4.1 Spellcasting
 + Level 1.7 Conjurations
 - Level 1.0 Summonings
 + Level 1.6 Translocations
 + Level 0.3 Air Magic
 + Level 0.6 Poison Magic


You had 3 spell levels left.
You knew the following spells:

 Your Spells              Type           Power      Damage    Failure   Level
a - Magic Dart            Conj           36%        1d4       8%          1
b - Blink                 Tloc           18%        N/A       12%         2
d - Mephitic Cloud        Conj/Pois/Air  6%         N/A       32%         3
e - Call Imp              Summ           12%        N/A       16%         2

Your spell library contained the following spells:

 Spells                   Type           Power      Damage    Failure   Level
 Kiss of Death            Conj/Necr      24%        2d7       11%         1
 Slow                     Hex            12%        N/A       16%         1
 Cigotuvi's Dreadful Rot  Necr/Pois/Air  8%         N/A       21%         2
 Confusing Touch          Hex            3%         N/A       43%         3
 Dispel Undead            Necr           3%         3d7       83%         4


Dungeon Overview and Level Annotations

Branches:
Dungeon (3/15)              Sewer (1/1)

Altars:


Innate Abilities, Weirdness & Mutations

You are too large for most types of armour.
You have tough skin. (AC +1)


Message History

You feel very sick. The water moccasin closely misses you.
Your cerulean imp hits the water moccasin but does no damage.
The water moccasin closely misses you.
You feel sick.
Your cerulean imp completely misses the water moccasin.
You closely miss the water moccasin.
The water moccasin is severely wounded.
You feel sick. The water moccasin bites you.
Your cerulean imp hits the water moccasin but does no damage.
The water moccasin bites your cerulean imp but does no damage.
You closely miss the water moccasin.
The water moccasin is severely wounded.
You feel sick. The water moccasin bites you.
* * * LOW HITPOINT WARNING * * *
Your cerulean imp closely misses the water moccasin.
Casting: Magic Dart (safe; 8% risk of failure)
Confirm with . or Enter, or press ? or * to list all spells.
You blink.
Splash!
You fall into the shallow water.
Found a mace and 23 gold pieces.
You feel sick.
Your cerulean imp barely misses the water moccasin.
Casting: Blink (safe; 12% risk of failure)
Confirm with . or Enter, or press ? or * to list all spells.
Aiming: Magic Dart (safe; 8% risk of failure)
Press: ? - help, Shift-Dir - straight line, f/p - water moccasin
Aim: a water moccasin (severely wounded, ally target, 100% to hit)
The magic dart hits the water moccasin but does no damage.
The water moccasin is severely wounded.
You feel sick.
Your cerulean imp hits the water moccasin but does no damage.
You miss the water moccasin.
The water moccasin is severely wounded.
You feel sick. The water moccasin bites you.
* * * LOW HITPOINT WARNING * * *
The water moccasin barely misses you.
It was a potion of invisibility.
You fade into invisibility!
You die...

###### ## ##....~.##
#?$ ###...~ ...~.###
(.##~...~ #.....###
###..~.~# #.~.~.#
#..~~~.## ##~~.~.
#.~@S~### ###.....#
#)~##...5~####.~.~.###
# ###...~~.~~~.###
###......### ########


You could see a water moccasin (ally target) and a friendly cerulean imp
(summoned).

Vanquished Creatures
  2 adders (D:2)
  A river rat (D:3)
  5 bats
  4 endoplasms
  2 giant cockroaches
  3 hobgoblins
  2 jackals (Sewer)
  3 quokkas
  2 ball pythons
  3 frilled lizards
  5 goblins
  3 kobolds
  4 rats
39 creatures vanquished.

Vanquished Creatures (collateral kills)
  An adder (D:3)
  A giant cockroach (D:3)
  2 goblins (D:2)
  A jackal (Sewer)
  A quokka (D:1)
  A ball python (D:3)
  A rat (D:3)
8 creatures vanquished.

Grand Total: 47 creatures vanquished

Notes
Turn   | Place    | Note
-------+----------+-------------------------------------------
     0 | D:1      | Ignak the Ogre Hedge Wizard began the quest for the Orb.
     0 | D:1      | Reached XP level 1. HP: 16/16 MP: 5/5
    22 | D:1      | Reached skill level 1 in Translocations
   108 | D:1      | Reached skill level 1 in Conjurations
   108 | D:1      | Reached skill level 1 in Summonings
   195 | D:1      | Reached XP level 2. HP: 24/26 MP: 0/6
   206 | D:1      | Learned a level 2 spell: Blink
   209 | D:1      | Learned a level 2 spell: Call Imp
   918 | D:2      | Reached skill level 1 in Fighting
   918 | D:2      | Reached XP level 3. HP: 33/33 MP: 1/8
   922 | D:2      | Learned a level 3 spell: Mephitic Cloud
  1881 | D:3      | Reached skill level 4 in Spellcasting
  1887 | D:3      | Reached XP level 4. HP: 39/42 MP: 6/10
  2157 | D:3      | Found a glowing drain.
  2194 | Sewer    | Entered a sewer
  2381 | Sewer    | Noticed a water moccasin
  2398 | Sewer    | HP: 1/42 [water moccasin (6)]
  2399 | Sewer    | Succumbed to a water moccasin's poison

Illustrated notes

Levels and vault maps discovered:
D:1:      sevenhm_arrival_forest_fort_large_4, layout_rooms
D:2:      layout_basic
D:3:      layout_loops_cross, portal_sewer_entry_c
Sewer:    sewer_the_moccasin

Skill      XL: |  1  2  3  4 |
---------------+-------------+-----
Translocations | 1 |  1.6
Conjurations   | 1 |  1.7
Summonings     | 1 |  1.0
Dodging        | 2 |  2.2
Fighting       | 1 2 |  2.0
Spellcasting   | 4 |  4.1
Stealth        | |  1.4
Air Magic      | |  0.3
Poison Magic   | |  0.6

Action                     |  1- 3 |  4- 6 || total
---------------------------+-------+-------++-------
  Melee: Dagger            |    81 |    59 ||   140
         Club              |    14 |       ||    14
         Mace              |     6 |       ||     6
         Punch             |       |     1 ||     1
   Cast: Magic Dart        |    13 |     2 ||    15
         Call Imp          |     7 |     3 ||    10
         Mephitic Cloud    |       |     1 ||     1
         Blink             |       |     1 ||     1
    Use: Scroll            |     1 |       ||     1
         Potion            |       |     1 ||     1
   Stab: Confused          |       |     2 ||     2
 Armour: Robe              |    38 |    25 ||    63
  Dodge: Dodged            |    48 |    41 ||    89

Table legend: (Time is in decaauts)
 A = Elapsed time spent in this place.
 B = Non-inter-level travel time spent in this place.
 C = Inter-level travel time spent in this place.
 D = Time resting spent in this place.
 E = Time spent auto-exploring this place.
 F = Levels seen in this place.
 G = Mean time per level.
                   A        B        C        D        E       F      G
               +--------+--------+--------+--------+--------+-----+--------+
         Total |   2404 |   2290 |    114 |    321 |   1150 |   4 |  601.0 |
       Dungeon |   2199 |   2085 |    114 |    190 |   1130 |   3 |  733.0 |
         Sewer |    204 |    204 |      0 |    131 |     20 |   1 |  204.0 |
               +--------+--------+--------+--------+--------+-----+--------+

Top non-repeatable levels by time:
     D:2: 1059 daAuts
     D:1: 761 daAuts
     D:3: 378 daAuts
   Sewer: 204 daAuts
